 Dungeon Crawl Stone Soup version 0.28-a0-1382-g92835e5c71 (webtiles) character file.

Game seed: 16200099872597492959

48 enile the Skirmisher (level 3, -2/49 HPs)
             Began as a Draconian Wanderer on Jan 2, 2022.
             Was a Plaything of Xom.
             Succumbed to a scorpion's poison
             ... on level 3 of the Dungeon.
             The game lasted 00:04:54 (1705 turns).

enile the Skirmisher (Draconian Wanderer)           Turns: 1705, Time: 00:04:55

Health: -2/49      AC: 21    Str: 20 (22) XL:     3   Next: 50%
Magic:  3/3        EV:  2    Int:  6 (9)  God:    Xom [..*...]
Gold:   17         SH:  3    Dex:  9 (10) Spells: 2/2 levels left

rFire   + . .      SeeInvis .   k - +2 short sword (speed)
rCold   + . .      Faith    .   d - +0 buckler
rNeg    . . .      Spirit   .   (armour unavailable)
rPois   +          Reflect  .   (helmet currently unavailable)
rElec   +          Harm     .   (cloak currently unavailable)
rCorr   +          Rampage  .   (gloves currently unavailable)
Will    .....      NoTele   +   (boots currently unavailable)
Stlth   ++........              (no amulet)
HPRegen 0.16/turn               h - ring "Oturakhla" {rPois rCorr Str+3 Stlth+}
MPRegen 0.08/turn               (no ring)

@: agile, lethally poisoned (-2 -> -11), tree-form, resistant, hasted and slowed
A: stationary, stasis, torment immunity, boosted hp, AC +5, unfitting armour,
(cold-blooded)
a: Renounce Religion


You were on level 3 of the Dungeon.
You worshipped Xom.
You were a toy of Xom.
You were a tree.
You visited 1 branch of the dungeon, and saw 3 of its levels.

You collected 43 gold pieces.
You spent 26 gold pieces at shops.

Inventory:

Hand Weapons
 a - a +2 hand crossbow
 c - a +0 quarterstaff
 k - a +2 short sword of speed (weapon)
Missiles
 b - 19 bolts
 o - a javelin (quivered)
 q - 24 poisoned darts
Armour
 d - a +0 buckler (worn)
 r - an orb of guile
Magical Staves
 m - a staff of conjuration
Jewellery
 h - the ring "Oturakhla" (left branch) {rPois rCorr Str+3 Stlth+}
   (You acquired it on level 2 of the Dungeon)

   [ring of poison resistance]

   Str:       It affects your strength (+3).
   rPois:     It protects you from poison.
   rCorr:     It protects you from acid and corrosion.
   Stlth:     It makes you more stealthy.
 j - a ring of protection from fire
Scrolls
 g - 2 scrolls of fog
Potions
 e - a potion of flight
 f - a potion of lignification
 n - 3 potions of degeneration
 p - a potion of resistance


   Skills:
 - Level 4.0 Fighting
 + Level 1.0 Short Blades
 - Level 3.0 Staves
 - Level 2.0 Crossbows
 - Level 1.0 Stealth
 - Level 2.0 Shields


You had 2 spell levels left.
You didn't know any spells.
Your spell library was empty.

Dungeon Overview and Level Annotations

Branches:
Dungeon (3/15)

Altars:
Ru
Xom

Shops:
D:2 ?


Innate Abilities, Weirdness & Mutations

You are a tree.
Your roots penetrate the ground, keeping you stationary.
You cannot be teleported.
You are immune to unholy pain and torment.
Your maximum health is greatly increased.
Your equipment is partially melded.
((Your plain brown scales are hard. (AC +5)))
You cannot fit into any form of body armour.
((You are cold-blooded and may be slowed by cold attacks.))


Message History

You are confused.
You are now a toy of Xom.
The scorpion is engulfed in seething chaos.
The scorpion stings you but does no damage.
The jelly hits you but does no damage.
The scorpion is engulfed in seething chaos.
The scorpion stings you but does no damage.
It was a potion of haste.
You feel yourself speed up.
You feel sick.
You are no longer poisoned.
The jelly hits you but does no damage.
The scorpion stings you but does no damage.
It was a potion of curing.
You feel better.
Xom roars with laughter!
The scorpion stings you.
* * * LOW HITPOINT WARNING * * *
The jelly hits you but does no damage.
The scorpion stings you but does no damage.
You barely miss the scorpion.
The scorpion is severely wounded.
The jelly hits you but does no damage.
You hit the scorpion but do no damage.
The scorpion is severely wounded.
You block the scorpion's attack. The jelly hits you but does no damage.
You hit the scorpion but do no damage.
The scorpion is severely wounded.
You block the scorpion's attack. The jelly completely misses you.
You hit the scorpion but do no damage.
The scorpion is severely wounded.
The scorpion stings you.
* * * LOW HITPOINT WARNING * * *
You are lethally poisoned!
The scorpion poisons you!
Okay, then.
Throw: 2 javelins
Press: ? - help, Q - select action, (/) - cycle Shift-Dir - straight line, f/p - scorpion
Aim: a scorpion (severely wounded, 56% to hit)
You throw a javelin.
The javelin closely misses the scorpion.
You die...
Xom thinks this is hilarious!

#(# #.. ###.###
# #(....#.#
####.....#.##
....._.....
#..s..# #..♣J.#
#.###.###
#.....#
#####.#########
#.........#
#########.#
#... #.# #..#
#.# #..# #.#


You could see a scorpion and a jelly.

Vanquished Creatures
  An adder (D:2)
  2 dart slugs (D:1)
  4 endoplasms
  2 giant cockroaches
  A goblin (D:2)
  2 hobgoblins
  4 kobolds (D:2)
  A quokka (D:1)
  7 ball pythons
  4 bats (D:1)
  A frilled lizard (D:2)
  6 rats
35 creatures vanquished.

Vanquished Creatures (others)
  3 plants (D:2)
3 creatures vanquished.

Grand Total: 38 creatures vanquished

Notes
Turn   | Place    | Note
-------+----------+-------------------------------------------
     0 | D:1      | enile the Draconian Wanderer began the quest for the Orb.
     0 | D:1      | enile set off with the following items: a +2 hand crossbow,
                  | 24 bolts, a +0 quarterstaff, a +0 buckler
     0 | D:1      | Reached XP level 1. HP: 17/17 MP: 1/1
   265 | D:1      | Reached skill level 3 in Fighting
   359 | D:1      | Found a faded altar of an unknown god.
   371 | D:1      | Prayed at the altar of an unknown god.
   371 | D:1      | Became a worshipper of Xom of Unknown Intention
   411 | D:1      | Reached XP level 2. HP: 26/26 MP: 2/2
   514 | D:1      | XOM: silly message
   819 | D:2      | XOM: noise
   966 | D:2      | Found Ehikli's Magic Scroll Shoppe.
   975 | D:2      | Bought a scroll of identify for 26 gold pieces
   975 | D:2      | Identified a scroll of acquirement
   978 | D:2      | Acquired the ring "Oturakhla" {rPois rCorr Str+3 Stlth+}
   980 | D:2      | XOM: confuse monster(s)
   988 | D:2      | Reached XP level 3. HP: 33/33 MP: 3/3
  1110 | D:2      | XOM: silly message
  1126 | D:2      | XOM: 6-stop teleportation journey
  1511 | D:2      | Reached skill level 4 in Fighting
  1637 | D:3      | Reached skill level 1 in Short Blades
  1678 | D:3      | Found a sacrificial altar of Ru.
  1682 | D:3      | Noticed a scorpion
  1693 | D:3      | XOM: polymorph bat -> jelly
  1695 | D:3      | XOM: chaos cloud
  1698 | D:3      | XOM: confusion
  1704 | D:3      | HP: 2/49 [scorpion (4)]
  1705 | D:3      | Succumbed to a scorpion's poison

Illustrated notes

Levels and vault maps discovered:
D:1:      scummos_arrival_forest, layout_loops_ring,
          ebering_ecumenical_altar_petrified, serial_forest,
          infiniplex_forest_side_room, infiniplex_forest_lined_room_2,
          infiniplex_forest_clump_double, infiniplex_forest_lined_3
D:2:      layout_basic, serial_shops, shop, serial_forest,
          infiniplex_forest_end_1, infiniplex_forest_clump_double,
          infiniplex_forest_lined_corner, infiniplex_forest_corner_1,
          infiniplex_forest_clump_tiny, infiniplex_forest_lined_ring
D:3:      minmay_angry_zag, layout_basic, nicolae_overflow_crystal_walls

Skill      XL: |  1  2  3 |
---------------+----------+-----
Fighting       | 3 4 |  4.0
Crossbows      | 2 |  2.0
Short Blades   | 1 |  1.0
Staves         | |  3.0
Stealth        | |  1.0
Shields        | |  2.0

Action                   || total
-------------------------++-------
Melee: Short sword       ||    51
       Tailslap          ||     2
 Fire: Hand crossbow     ||    19
Throw: Javelin           ||     5
  Use: Scroll            ||     4
       Potion            ||     6
 Stab: Sleeping          ||     3
Armor: Skin              ||    27
Dodge: Dodged            ||    16
Block: Buckler           ||     7

Table legend: (Time is in decaauts)
 A = Elapsed time spent in this place.
 B = Non-inter-level travel time spent in this place.
 C = Inter-level travel time spent in this place.
 D = Time resting spent in this place.
 E = Time spent auto-exploring this place.
 F = Levels seen in this place.
 G = Mean time per level.
                   A        B        C        D        E       F      G
               +--------+--------+--------+--------+--------+-----+--------+
         Total |   1702 |   1615 |     87 |      0 |   1358 |   3 |  567.3 |
       Dungeon |   1702 |   1615 |     87 |      0 |   1358 |   3 |  567.3 |
               +--------+--------+--------+--------+--------+-----+--------+

Top non-repeatable levels by time:
     D:1: 824 daAuts
     D:2: 791 daAuts
     D:3: 86 daAuts
